 Dungeon Crawl Stone Soup version 0.20-a0-957-g47ad1fd (console) character file.

244 swinepaste the Firebug (level 5, -4/28 HPs)
             Began as a Deep Elf Fire Elementalist on Apr 5, 2017.
             Slain by a slave (8 damage)
             ... led by Pikel
             ... on level 4 of the Dungeon.
             The game lasted 00:10:17 (3550 turns).

swinepaste the Firebug (Deep Elf Fire Elementalist) Turns: 3550, Time: 00:10:18

Health: -4/28      AC:  4    Str:  5    XL:     5   Next: 83%
Magic:  11/11      EV: 13    Int: 21    God:
Gold:   84         SH:  0    Dex: 15    Spells: 0/10 levels left

rFire    . . .     SeeInvis .   a - +1 dagger
rCold    . . .     Gourm    .   (no shield)
rNeg     . . .     Faith    .   m - +0 robe
rPois    +         Spirit   .   l - +0 helmet
rElec    .         Reflect  .   (no cloak)
rCorr    .         Harm     .   e - +0 pair of gloves
MR       .....                  (no boots)
Stlth    ++........             (no amulet)
Regen    0.1/turn               g - ring of poison resistance
MPRegen  0.2/turn               (no ring)

@: no status effects
A: no striking features
a: no special abilities


You were on level 4 of the Dungeon.
You were not hungry.

You visited 1 branch of the dungeon, and saw 4 of its levels.

You collected 84 gold pieces.

Inventory:

Hand Weapons
 a - a +1 dagger (weapon)
Armour
 e - a +0 pair of gloves (worn)
 l - a +0 helmet (worn)
 m - a +0 robe (worn)
Jewellery
 g - a ring of poison resistance (left hand)
Scrolls
 i - a scroll of amnesia {unknown}
 j - 2 scrolls of identify {unknown}
 o - a scroll of random uselessness {unknown}
 p - a scroll of enchant armour {unknown}
Books
 b - a book of Flames

   Spells                             Type                      Level
   a - Flame Tongue                   Conjuration/Fire             1
   b - Throw Flame                    Conjuration/Fire             2
   c - Conjure Flame                  Conjuration/Fire             3
   d - Inner Flame                    Hexes/Fire                   3
   e - Sticky Flame                   Conjuration/Fire             4
   f - Fireball                       Conjuration/Fire             5
 q - a book of Changes

   Spells                             Type                      Level
   a - Beastly Appendage              Transmutation                1
   b - Sticks to Snakes               Transmutation                2
   c - Spider Form                    Transmutation/Poison         3
   d - Ice Form                       Ice/Transmutation            4
   e - Blade Hands                    Transmutation                5
Comestibles
 c - 5 bread rations
 k - 3 fruits


   Skills:
 - Level 2.4 Dodging
 - Level 2.4 Stealth
 - Level 3.0 Spellcasting
 + Level 4.7 Conjurations
 + Level 5.4 Fire Magic


You couldn't memorise any spells.
You knew the following spells:

 Your Spells              Type           Power        Failure   Level  Hunger
c - Conjure Flame         Conj/Fire      ###.....     6%          3    ###....
f - Flame Tongue          Conj/Fire      ###..        1%          1    None
t - Throw Flame           Conj/Fire      ###...       2%          2    ##.....
y - Sticky Flame          Conj/Fire      ###.....     21%         4    ####...


Dungeon Overview and Level Annotations

Branches:
Dungeon (4/15)
 Temple: D:4-7

Altars:
Ashenzari
Nemelex Xobeh

Annotations:
D:4 Grorgnorb's ghost, amateur HOGl; Pikel


Message History

You climb upwards.
There is a stone staircase leading down here.
There is a stone staircase leading down here.
You start resting.
Eating a chunk of flesh.
You eat the chunk of flesh.
This raw flesh tastes terrible.
HP restored.
You climb downwards.
Level annotation: Grorgnorb's ghost, amateur HOGl 4 slaves, Pikel and a skeleton come into view.
Pikel is wielding a whip of flaming.
The slave shouts! x3
The slave barely misses you. The slave hits you. x3
There is a stone staircase leading up, spattered with blood here.
Pikel hits you with a whip of flaming.
* * * LOW HITPOINT WARNING * * *
Pikel burns you.
* * * LOW HITPOINT WARNING * * *
The slave hits you!
You die...

.#######+###
......Kep..#
....p..pp..#
........Z..#
...........#
...........#
...........#
...........#
.###.....###


You could see Pikel, 4 slaves and a centaur skeleton.

Vanquished Creatures
  An ice beast (D:3)
  Robin (D:2)
  7 adders
  2 worms
  3 dart slugs
  A leopard gecko (D:4)
  An orc (D:3)
  3 giant cockroaches
  7 hobgoblins
  3 jackals (D:2)
  4 kobolds
  4 quokkas
  8 bats
  4 frilled lizards
  16 goblins
  4 rats
69 creatures vanquished.

Notes
Turn   | Place    | Note
-------+----------+-------------------------------------------
     0 | D:1      | swinepaste the Deep Elf Fire Elementalist began the quest for the Orb.
     0 | D:1      | Reached XP level 1. HP: 10/10 MP: 6/6
   147 | D:1      | Reached XP level 2. HP: 15/15 MP: 4/8
   162 | D:1      | Learned a level 2 spell: Throw Flame
   702 | D:2      | Reached XP level 3. HP: 14/19 MP: 3/9
   709 | D:2      | Reached skill level 4 in Fire Magic
  1053 | D:2      | Noticed Robin
  1201 | D:2      | Killed Robin
  1296 | D:2      | Learned a level 3 spell: Conjure Flame
  1404 | D:2      | Found a sparkling altar of Nemelex Xobeh.
  1456 | D:2      | Reached XP level 4. HP: 24/24 MP: 3/10
  2469 | D:3      | Reached XP level 5. HP: 28/28 MP: 0/11
  2488 | D:3      | Learned a level 4 spell: Sticky Flame
  2541 | D:3      | Noticed an ice beast
  2549 | D:3      | Killed an ice beast
  2549 | D:3      | Reached skill level 5 in Fire Magic
  2844 | D:3      | Found a shattered altar of Ashenzari.
  3076 | D:4      | Noticed Grorgnorb's ghost (amateur HOGl)
  3549 | D:4      | Noticed Pikel
  3549 | D:4      | Noticed a slave
  3549 | D:4      | Noticed a slave
  3549 | D:4      | Noticed a slave
  3549 | D:4      | Noticed a slave
  3550 | D:4      | Slain by a slave

Vault maps used:
D:1:      dpeg_arrival_tiny_j
D:2:      nemelex_altar_shiori, first_bread, uniq_robin
D:3:      lemuel_crystal_altar, corexii_shack
D:4:      uniq_menkaure, uniq_pikel, uniq_iyjb

Skill      XL: |  1  2  3  4  5 |
---------------+----------------+-----
Conjurations   | 2 3 4 |  4.7
Fire Magic     | 4 5 |  5.4
Dodging        | |  2.4
Stealth        | |  2.4
Spellcasting   | |  3.0

Action                   |  1- 3 |  4- 6 || total
-------------------------+-------+-------++-------
Melee: Unarmed           |     7 |       ||     7
       Dagger            |     2 |     6 ||     8
 Cast: Flame Tongue      |    62 |    26 ||    88
       Throw Flame       |    15 |    19 ||    34
       Conjure Flame     |       |     4 ||     4
       Sticky Flame      |       |     1 ||     1
  Use: Potion            |     2 |     1 ||     3
       Scroll            |       |     2 ||     2
 Stab: Sleeping          |       |     1 ||     1
  Eat: Chunk             |     2 |     8 ||    10
Armor: Robe              |     5 |     3 ||     8
Dodge: Dodged            |    23 |    11 ||    34
